 Dungeon Crawl Stone Soup version 0.18-a0-1628-g61c6396 (webtiles) character file.

2891 namelastname112 the Destroyer (level 9, -3/62 HPs)
             Began as a Purple Draconian Conjurer on Mar 25, 2016.
             Was a Believer of Vehumet.
             Slain by a gnoll
             ... wielding a +0 hand axe
              (7 damage)
             ... in a bailey.
             The game lasted 00:19:51 (8289 turns).

namelastname112 the Destroyer (DrCj)                Turns: 8289, Time: 00:19:52

Health: -3/62      AC: 14    Str: 11      XL:     9   Next: 48%
Magic:  2/21       EV: 12    Int: 17 (19) God:    Vehumet [**....]
Gold:   466        SH:  0    Dex: 11      Spells: 3 memorised, 17 levels left

rFire  . . .     SeeInvis .     s - +0 rapier (protect)
rCold  . . .     Gourm    +     (armour unavailable)
rNeg   . . .     Faith    .     (no shield)
rPois  .         Spirit   .     (helmet restricted)
rElec  .         Dismiss  .     r - +1 cloak
rCorr  .         Reflect  .     (no gloves)
SustAt .         Harm     .     (no boots)
MR     ++...                    k - amulet of the gourmand
Stlth  ++........               j - ring of protection from magic
                                (no ring)

@: short of breath, very resistant to hostile enchantments, unstealthy
A: breathe power, unfitting armour, cold-blooded, AC +7
a: Breathe Dispelling Energy, Renounce Religion


You were in a bailey.
You worshipped Vehumet.
Vehumet was pleased with you.
You were very full.

You visited 2 branches of the dungeon, and saw 8 of its levels.
You also visited: Bailey.

You collected 466 gold pieces.

Inventory:

Hand Weapons
 s - a +0 rapier of protection (weapon)
 H - a +0 dagger of venom
Armour
 r - a +1 cloak (worn)
Magical Staves
 v - an uncursed staff of earth
Jewellery
 j - a ring of protection from magic (right hand)
 k - an amulet of the gourmand (around neck)
Wands
 c - a wand of polymorph (9/24)
 x - a wand of polymorph (0/24)
Scrolls
 e - a scroll of acquirement {unknown}
 h - 9 scrolls of identify {unknown}
 i - 2 scrolls of teleportation
 p - a scroll of remove curse
 q - a scroll of recharging
 y - a scroll of enchant armour
Potions
 d - 2 potions of haste
 g - 3 potions of brilliance
 o - a potion of cancellation
Books
 a - a book of Conjurations

   Spells                             Type                      Level
   a - Magic Dart                     Conjuration                  1
   b - Searing Ray                    Conjuration                  2
   c - Dazzling Spray                 Conjuration/Hexes            3
   d - Fulminant Prism                Conjuration/Hexes            4
   e - Iskenderun's Mystic Blast      Conjuration                  4
   f - Iskenderun's Battlesphere      Conjuration/Charms           5
 D - a book of Necromancy

   Spells                             Type                      Level
   a - Pain                           Necromancy                   1
   b - Animate Skeleton               Necromancy                   1
   c - Vampiric Draining              Necromancy                   3
   d - Regeneration                   Charms/Necromancy            3
   e - Animate Dead                   Necromancy                   4
   f - Control Undead                 Necromancy                   4
 G - a book of Death

   Spells                             Type                      Level
   a - Corpse Rot                     Necromancy                   2
   b - Sublimation of Blood           Necromancy                   2
   c - Agony                          Necromancy                   5
   d - Dispel Undead                  Necromancy                   5
   e - Excruciating Wounds            Charms/Necromancy            5
   f - Bolt of Draining               Conjuration/Necromancy       5
Comestibles
 b - 4 bread rations
 f - 2 beef jerkies
 w - a meat ration
 A - a fruit
 F - 2 slices of pizza


   Skills:
 - Level 1.7 Dodging
 - Level 1.7 Stealth
 + Level 8.8 Spellcasting
 + Level 8.9 Conjurations
 + Level 7.7 Charms


You had 17 spell levels left.
You knew the following spells:

 Your Spells              Type           Power        Failure   Level  Hunger
a - Iskenderun's Battles  Conj/Chrm      #####...     10%         5    #####..
x - Searing Ray           Conj           #####.       1%          2    None
z - Magic Dart            Conj           ####         1%          1    None


Dungeon Overview and Level Annotations

Branches:
Dungeon (7/15)             Temple (1/1) D:4

Altars:
Ashenzari
Cheibriados
Elyvilon
Fedhas
Gozag
Kikubaaqudgha
Makhleb
Nemelex Xobeh
Okawaru
Pakellas
Qazlal
Ru
Sif Muna
Vehumet
Xom
Yredelemnul
Zin


Innate Abilities, Weirdness & Mutations

You can breathe bolts of dispelling energy.
Your rich purple scales are hard (AC +7).
Your body does not fit into most forms of armour.
You are cold-blooded and may be slowed by cold attacks.


Message History

Aim: an orc warrior, wielding a war axe and wearing a plate armour (almost dead)
The magic dart hits the orc warrior.
You kill the orc warrior!
Vehumet accepts your kill.
You feel your power returning.
You feel your intelligence returning.
Your battlesphere fires!
Your battlesphere expends the last of its energy and dissipates.
The gnoll hits you but does no damage.
Drink which item? (? for menu, Esc to quit)
Okay, then.
Casting: Magic Dart
Confirm with . or Enter, or press ? or * to list all spells.
Aiming: Searing Ray
Press: ? - help, Shift-Dir - straight line, f - gnoll
Aim: a gnoll, wielding a hand axe and wearing a leather armour (severely wounded)
The searing ray hits the gnoll.
The gnoll is severely wounded.
The gnoll hits you with a hand axe!
You die...

#.........##.......♣
...........#.......♣♣
.....)...)))........♣
.....⌠)..).)..∩.)..♣♣
........)).)........♣
...........#)......♣♣
#.........##)))...♣♣
###.....###♣.♣..g.♣
..#'#.### ♣♣♣♣.@♣♣
....### ♣♣♣♣ .....#
....o# ....g# ....*#
.....# ....## ..###


You could see a gnoll.

Vanquished Creatures
  An orc knight (Bailey)
  Eustachio (D:3)
  A hungry ghost (D:7)
  A porcupine (Bailey)
  5 orc warriors (Bailey)
  An ice beast (D:6)
  A phantom (D:6)
  A sky beast (D:6)
  3 centaurs
  A crocodile (D:7)
  A giant frog (D:6)
  A scorpion (D:5)
  2 howler monkeys (D:4)
  3 crimson imps
  2 jellies
  2 orc priests
  A giant frog skeleton (D:6)
  An orc wizard (D:7)
  2 iguanas
  3 worker ants
  A killer bee zombie (D:6)
  2 hound skeletons
  11 gnolls
  9 adders
  A shadow imp (D:5)
  An ooze (D:3)
  2 adder skeletons
  3 worms
  2 dart slugs
  6 giant geckos
  37 orcs
  A ball python (D:1)
  6 bats
  5 giant cockroaches
  27 goblins
  19 hobgoblins
  7 jackals
  7 kobolds
  4 quokkas
  A giant gecko skeleton (D:4)
  5 giant newts
  A jackal skeleton (D:4)
  A quokka skeleton (D:6)
  9 rats
202 creatures vanquished.

Notes
Turn   | Place    | Note
--------------------------------------------------------------
     0 | D:1      | namelastname112 the Draconian Conjurer began the quest for the Orb.
     0 | D:1      | Reached XP level 1. HP: 14/14 MP: 3/3
   477 | D:1      | Reached XP level 2. HP: 20/20 MP: 0/5
   486 | D:1      | Learned a level 2 spell: Searing Ray
   994 | D:2      | Found an iron altar of Okawaru.
  1097 | D:2      | Reached XP level 3. HP: 26/26 MP: 1/6
  1276 | D:2      | Found an iron altar of Okawaru.
  1276 | D:2      | Found an opulent altar of Gozag.
  1277 | D:2      | Found a white marble altar of Elyvilon.
  1278 | D:2      | Found a sacrificial altar of Ru.
  1281 | D:2      | Found a sparkling altar of Nemelex Xobeh.
  2018 | D:2      | Reached skill level 5 in Conjurations
  2135 | D:2      | Reached XP level 4. HP: 33/33 MP: 6/8
  2306 | D:2      | Found a glowing silver altar of Zin.
  2786 | D:3      | Found a sparkling altar of Nemelex Xobeh.
  2873 | D:3      | Reached XP level 5. HP: 38/38 MP: 5/10
  2926 | D:3      | Learned a level 5 spell: Iskenderun's Battlesphere
  3566 | D:3      | Reached skill level 1 in Charms
  3810 | D:4      | Noticed Eustachio
  4075 | D:3      | Killed Eustachio
  4075 | D:3      | Reached XP level 6. HP: 29/45 MP: 4/12
  4633 | D:4      | Found a burning altar of Makhleb.
  4635 | D:4      | Found a shimmering altar of Xom.
  4901 | D:4      | Found a staircase to the Ecumenical Temple.
  4970 | Temple   | Entered the Ecumenical Temple
  5134 | D:4      | Your scales start taking on a rich purple colour.
  5134 | D:4      | Reached skill level 5 in Spellcasting
  5134 | D:4      | Reached XP level 7. HP: 50/50 MP: 11/15
  5244 | Temple   | Became a worshipper of Vehumet
  5310 | D:5      | Entered Level 5 of the Dungeon
  5391 | D:5      | Found an ancient bone altar of Kikubaaqudgha.
  5435 | D:5      | Found a sacrificial altar of Ru.
  6574 | D:6      | Reached XP level 8. HP: 57/57 MP: 5/17
  6728 | D:6      | Reached skill level 5 in Charms
  7389 | D:7      | Found a blossoming altar of Fedhas.
  7529 | D:7      | Reached * piety under Vehumet
  7529 | D:7      | Offered knowledge of Flame Tongue by Vehumet.
  7557 | D:7      | Found a flagged portal.
  7567 | Bailey   | Entered a bailey
  7754 | Bailey   | Reached ** piety under Vehumet
  7754 | Bailey   | Offered knowledge of Freeze by Vehumet.
  7754 | Bailey   | Reached XP level 9. HP: 26/62 MP: 1/20
  7981 | Bailey   | Offered knowledge of Throw Frost by Vehumet.
  8253 | Bailey   | Noticed an orc knight
  8274 | Bailey   | Killed an orc knight
  8282 | Bailey   | HP: 2/62 [orc warrior/war axe (9)]
  8289 | Bailey   | Slain by a gnoll

Vault maps used:
D:1:      saegor_arrival_simple_a, minmay_door_square, dk_noncrumbling_3
D:2:      lemuel_round_altar, minitemple, first_bread, okawaru_metal_pillars_3
D:3:      serial_forest, infiniplex_forest_lined_room_,
          infiniplex_forest_clump_diagonal, infiniplex_forest_lined_ring,
          infiniplex_forest_lined_corner, infiniplex_forest_lined_2,
          infiniplex_forest_end_2, minmay_misc_feat_pillars,
          nemelex_diamond_rough_becter
D:4:      grunt_temple_overflow_champion_of_chaos,
          minmay_temple_entry_nine_rooms, kennysheep_generic_room_12,
          uniq_eustachio
D:5:      kiku_gazebo_pond_becter, nicolae_ru_awakened_eye
D:7:      tgw_trog, fedhas_altar_fruit_tree, enter_bailey_8
Temple:   temple_of_Zot_orb
Bailey:   bailey_axe_minmay_hex_keep, bailey

Skill      XL: |  1  2  3  4  5  6  7  8  9 |
---------------+----------------------------+-----
Spellcasting   | 3 4 5 6 7 8 |  8.8
Conjurations   | 5 6 7 8 |  8.9
Charms         | 2 3 4 6 7 |  7.7
Dodging        | |  1.7
Stealth        | |  1.7

Action                   |  1- 3 |  4- 6 |  7- 9 || total
-------------------------+-------+-------+-------++-------
Melee: Dagger            |    22 |    32 |       ||    54
       Unarmed           |       |    57 |    18 ||    75
       Rapier            |       |    11 |   101 ||   112
 Cast: Magic Dart        |    67 |   108 |   124 ||   299
       Searing Ray       |     3 |    15 |    35 ||    53
       Iskenderun's Batt |       |       |     9 ||     9
 Abil: Breathe Dispellin |       |       |     7 ||     7
Evoke: Wand              |       |       |     5 ||     5
  Use: Potion            |       |     8 |    11 ||    19
       Scroll            |       |       |    10 ||    10
 Stab: Sleeping          |       |     1 |       ||     1
  Eat: Chunk             |    11 |     8 |    28 ||    47
       Meat ration       |       |       |     1 ||     1
       Fruit             |       |       |     1 ||     1
